 Dungeon Sprint DCSS version 0.21.2 (webtiles) character file.

18555 Fang the Severer (level 12, -2/91 HPs)
             Began as a Gargoyle Berserker on Dec 21, 2018.
             Was a High Priest of Trog.
             Slain by a deep elf master archer simulacrum (35 damage)
             ... animated by a necromancer
             ... in the Dungeon (Sprint VII: "The Pits").
             The game lasted 00:06:38 (3836 turns).

Fang the Severer (Gargoyle Berserker)               Turns: 3836, Time: 00:06:39

Health: -2/91      AC: 28    Str: 25    XL:     12   Next: 59%
Magic:  12/12      EV: 14    Int:  9    God:    Trog [*****.]
Gold:   18         SH:  0    Dex:  9    Spells: 11/11 levels left

rFire    . . .     SeeInvis +   v - +6 broad axe (chop)
rCold    . . .     Gourm    .   (no shield)
rNeg     + . .     Faith    .   s - +3 plate armour
rPois    ∞         Spirit   .   j - +0 hat {MR+}
rElec    +         Reflect  .   (no cloak)
rCorr    .         Harm     .   (no gloves)
MR       +....     NoTele   +   (no boots)
Stlth    ..........             (no amulet)
HPRegen  0.25/turn              C - ring of see invisible
MPRegen  0.13/turn              q - +3 ring of evasion

@: berserk cooldown, starving, slowed, very slow
A: negative energy resistance 1, electricity resistance, unbreathing,
petrification resistance, rot immunity, AC +8
a: Berserk, Trog's Hand, Brothers in Arms, Burn Spellbooks, Renounce Religion


You were in the Dungeon.
You worshipped Trog.
Trog was extremely pleased with you.
You were starving.

You visited 1 branch You collected 18 gold pieces.

Inventory:

Hand Weapons
 m - a +2 hand axe of freezing
 n - a +1 battleaxe of electrocution
 t - a +5 antimagic battleaxe
 v - a +6 broad axe of chopping (weapon)
Armour
 j - a +0 hat of magic resistance (worn)
 s - a +3 plate armour (worn)
Jewellery
 p - a +3 ring of intelligence
 q - a +3 ring of evasion (right hand)
 C - a ring of see invisible (left hand)
Wands
 o - a wand of polymorph (23)
 B - a wand of iceblast (5)
Scrolls
 i - 2 scrolls of blinking
 k - 5 scrolls of remove curse
 l - a scroll of summoning
 u - a scroll of fog
 w - a scroll of fear
 x - 2 scrolls of identify
 y - 2 scrolls of enchant armour
 A - a scroll of magic mapping
Potions
 a - 2 potions of invisibility
 d - 12 potions of curing
 e - 12 potions of heal wounds
 f - 4 potions of haste
 g - 4 potions of magic
 h - 4 potions of berserk rage
 r - a potion of resistance
 z - 2 potions of might
Comestibles
 c - 7 rations


   Skills:
 + Level 17.5 Fighting
 + Level 18.8 Axes
 + Level 15.1 Armour
 + Level 7.8 Dodging
 + Level 2.1 Stealth


You had 11 spell levels left.
You didn't know any spells.

Dungeon Overview and Level Annotations

Branches:
Dungeon (1/1)

Altars:


Innate Abilities, Weirdness & Mutations

You are resistant to torment.
Your stone body is resilient. (AC +8)
You are immune to poison.
You resist negative energy. (rN+)
You are resistant to electric shocks. (rElec)
You can survive without breathing.
You are immune to petrification.
You are immune to rotting.


Message History

You slash the deep elf master archer simulacrum!
The deep elf master archer simulacrum is severely damaged.
The deep elf master archer simulacrum hits you but does no damage.
Unknown command.
You closely miss the deep elf master archer simulacrum.
The deep elf master archer simulacrum is severely damaged.
The deep elf master archer simulacrum hits you but does no damage.
Unknown command.
You closely miss the deep elf master archer simulacrum.
The deep elf master archer simulacrum is severely damaged.
The deep elf master archer simulacrum closely misses you.
Unknown command.
Your cyclops goes berserk!
You are starving!
The deep troll bites you but does no damage.
The deep troll claws you but does no damage.
The deep troll closely misses you.
The deep elf master archer simulacrum hits you.
The deep elf master archer simulacrum freezes you!!
You die...

#... .........' #..# ##
#######..# #..##s# #..# #..#.#
#..# #..†# #..# #Z†#.# #..# #.)#
.# #..# #.(################..#
#†(.Z@...............#
#...TC...............#
##########++##########
##########++##########
#########+##................##..#
.?(.')))'.##......#..#......##..#
#########.##................''..#
...........'................''..#
'#####'#####......#..#......##..(


You could see a deep troll, a deep elf master archer simulacrum and a friendly
cyclops (berserk).

Vanquished Creatures
  A deep elf master archer (D)
  An emperor scorpion (D)
  Aizul (D)
  A spriggan defender (D)
  An anaconda (D)
  A centaur warrior (D)
  A death yak (D)
  3 shadow wraiths (D)
  A flayed ghost (D)
  A lindwurm (D)
  A spiny frog (D)
  A molten gargoyle (D)
  An orange demon (D)
  3 komodo dragons (D)
  2 hellwings (D)
  8 blink frogs (D)
  A tyrant leech (D)
  An air elemental (D)
  A spriggan (D)
  A shadow (D)
  A wyvern (D)
  A wraith (D)
  5 yaks (D)
  A tarantella (D)
  2 basilisks (D)
  An acid dragon (D)
  A floating eye (D)
  A wolf (D)
  2 centaurs (D)
  A crocodile (D)
  A small abomination (D)
  A scorpion (D)
  5 wights (D)
  An iron imp (D)
  Ijyb (D)
  A hell rat (D)
  A worker ant (D)
  A gnoll (D)
  An adder (D)
  An ufetubus (D)
  An adder skeleton (D)
  A leopard gecko (D)
  An orc (D)
  A giant cockroach (D)
  A hobgoblin (D)
  3 jackals (D)
  A kobold (D)
  A ball python (D)
  3 bats (D)
  A quokka zombie (D)
  A rat (D)
77 creatures vanquished.

Vanquished Creatures (collateral kills)
  Gastronok (D)
  A cyclops (D)
  2 manticores (D)
  An orange demon (D)
  Psyche (D)
  A demonic crawler (D)
  A jumping spider (D)
  A tyrant leech (D)
  A flying skull (D)
  A redback (D)
  Edmund (D)
  A floating eye (D)
  Duvessa (D)
  An orc warrior (D)
  Dowan (D)
  A crimson imp (D)
  An orc wizard (D)
  A goblin (D)
19 creatures vanquished.

Grand Total: 96 creatures vanquished

Notes
Turn   | Place    | Note
-------+----------+-------------------------------------------
     0 | D        | Fang the Gargoyle Berserker began the quest for the Orb.
     0 | D        | Reached XP level 1. HP: 14/14 MP: 1/1
    23 | D        | Reached skill level 3 in Axes
   122 | D        | Noticed a worker ant
   131 | D        | Killed a worker ant
   131 | D        | Reached ** piety under Trog
   131 | D        | Reached skill level 5 in Fighting
   131 | D        | Reached skill level 4 in Axes
   131 | D        | Reached XP level 2. HP: 19/21 MP: 2/2
   131 | D        | Reached XP level 3. HP: 24/26 MP: 3/3
   150 | D        | Noticed a floating eye
   156 | D        | Killed a floating eye
   156 | D        | Reached skill level 6 in Axes
   156 | D        | Reached XP level 4. HP: 17/32 MP: 4/4
   156 | D        | Reached XP level 5. HP: 20/37 MP: 5/5
   392 | D        | Reached *** piety under Trog
   499 | D        | Noticed a centaur
   500 | D        | Noticed an orc warrior
   501 | D        | Reached **** piety under Trog
   507 | D        | Noticed Edmund
   509 | D        | Killed a centaur
   509 | D        | Reached skill level 7 in Axes
   509 | D        | Reached XP level 6. HP: 44/44 MP: 6/6
   519 | D        | Killed Edmund
   519 | D        | Reached skill level 8 in Axes
   521 | D        | Killed an orc warrior
   521 | D        | Reached skill level 9 in Axes
   521 | D        | Reached skill level 5 in Dodging
   794 | D        | Reached ***** piety under Trog
   794 | D        | Reached XP level 7. HP: 51/51 MP: 7/7
   797 | D        | Noticed Ijyb
   798 | D        | Reached skill level 5 in Armour
   818 | D        | Killed Ijyb
   818 | D        | Reached skill level 10 in Axes
   856 | D        | Noticed a spiny frog
   856 | D        | Noticed a basilisk
   862 | D        | Killed a basilisk
   862 | D        | Reached skill level 10 in Fighting
   875 | D        | Killed a spiny frog
   875 | D        | Reached skill level 11 in Axes
   875 | D        | Reached XP level 8. HP: 59/59 MP: 8/8
  1127 | D        | Noticed a spriggan
  1133 | D        | Received a gift from Trog
  1141 | D        | Killed a spriggan
  1141 | D        | Reached ****** piety under Trog
  1181 | D        | Noticed a blink frog
  1182 | D        | Noticed a blink frog
  1352 | D        | Noticed a blink frog
  1358 | D        | Noticed a komodo dragon
  1358 | D        | Killed a blink frog
  1358 | D        | Reached skill level 12 in Axes
  1362 | D        | Killed a blink frog
  1362 | D        | Reached XP level 9. HP: 45/64 MP: 9/9
  1365 | D        | Killed a komodo dragon
  1622 | D        | HP: 4/97 [something (6)]
  1623 | D        | Killed a shadow wraith
  1623 | D        | Reached skill level 13 in Axes
  1623 | D        | Reached skill level 1 in Stealth
  1627 | D        | Received a gift from Trog
  1959 | D        | Noticed a molten gargoyle
  1959 | D        | Noticed an orange demon
  1964 | D        | Received a gift from Trog
  1966 | D        | Killed an orange demon
  1968 | D        | Killed a molten gargoyle
  1968 | D        | Reached XP level 10. HP: 72/72 MP: 3/10
  2023 | D        | Reached skill level 14 in Axes
  2028 | D        | Reached skill level 10 in Armour
  2279 | D        | Received a gift from Trog
  2380 | D        | Reached skill level 15 in Axes
  2385 | D        | Received a gift from Trog
  2560 | D        | Reached XP level 11. HP: 65/80 MP: 3/11
  2641 | D        | Noticed an anaconda
  2645 | D        | Killed an anaconda
  2649 | D        | Received a gift from Trog
  2700 | D        | Noticed Psyche
  2700 | D        | Noticed Duvessa
  2700 | D        | Noticed Dowan
  2700 | D        | Noticed Gastronok
  2703 | D        | Paralysed by a floating eye for 4 turns
  2703 | D        | Killed Psyche
  2704 | D        | Killed Dowan
  2706 | D        | Killed Duvessa
  2706 | D        | Reached skill level 16 in Axes
  2707 | D        | Received a gift from Trog
  2710 | D        | Noticed a manticore
  2713 | D        | Killed a manticore
  2713 | D        | Reached skill level 15 in Fighting
  2714 | D        | Killed Gastronok
  2715 | D        | Noticed a cyclops
  2719 | D        | Killed a cyclops
  2739 | D        | Received a gift from Trog
  2921 | D        | Noticed a shadow wraith
  2930 | D        | Killed a shadow wraith
  2969 | D        | Noticed a death yak
  2974 | D        | Noticed a centaur warrior
  2983 | D        | Killed a death yak
  2983 | D        | Reached skill level 17 in Axes
  2990 | D        | Killed a centaur warrior
  3238 | D        | Noticed Aizul
  3264 | D        | Killed Aizul
  3503 | D        | Noticed a flayed ghost
  3510 | D        | Reached XP level 12. HP: 81/88 MP: 12/12
  3550 | D        | Noticed a spriggan defender
  3559 | D        | Killed a spriggan defender
  3559 | D        | Reached skill level 18 in Axes
  3567 | D        | Received a gift from Trog
  3798 | D        | Noticed an emperor scorpion
  3810 | D        | Noticed a deep elf master archer
  3823 | D        | Killed a deep elf master archer
  3823 | D        | Killed an emperor scorpion
  3823 | D        | Reached skill level 15 in Armour
  3836 | D        | Slain by a deep elf master archer simulacrum

Skill      XL: |  1  2  3  4  5  6  7  8  9 10 11 12 |
---------------+-------------------------------------+-----
Axes           | 4 6 7 9 11 12 13 15 17 18 | 18.8
Fighting       | 5 6 8 9 10 11 12 14 16 17 | 17.5
Dodging        | 2 3 4 5 6 7 |  7.8
Armour         | 3 4 5 7 9 12 13 15 | 15.1
Stealth        | 1 2 |  2.1

Action                   |  1- 3 |  4- 6 |  7- 9 | 10-12 || total
-------------------------+-------+-------+-------+-------++-------
Melee: Hand axe          |    24 |    35 |    62 |    45 ||   166
       Broad axe         |       |       |    54 |    98 ||   152
       Battleaxe         |       |       |       |    64 ||    64
Invok: Berserk           |       |     1 |     5 |     5 ||    11
       Brothers in Arms  |       |     1 |       |     6 ||     7
  Use: Potion            |       |     1 |       |       ||     1
  Eat: Chunk             |       |     1 |     5 |     7 ||    13
       Ration            |       |       |     1 |     1 ||     2
Armor: Animal skin       |     3 |     5 |       |       ||     8
       Scale mail        |       |     7 |     9 |       ||    16
       Plate armour      |       |       |    31 |   144 ||   175
Dodge: Dodged            |    23 |    31 |    49 |   110 ||   213
